 Dungeon Crawl Stone Soup version 0.26.0-16-gc1dbca0489 (webtiles) character file.

Game seed: 17225220834380240285

12 kaeus the Magician (level 2, 0/17 HPs)
             Began as an Octopode Hedge Wizard on Jan 22, 2021.
             Slain by a jackal (1 damage)
             ... on level 1 of the Dungeon.
             The game lasted 00:00:21 (289 turns).

kaeus the Magician (Octopode Hedge Wizard)           Turns: 289, Time: 00:00:22

Health: 0/17       AC:  1    Str:  9    XL:     2   Next: 33%
Magic:  1/6        EV: 13    Int: 16    God:
Gold:   17         SH:  0    Dex: 11    Spells: 6/7 levels left

rFire    . . .     SeeInvis .   a - +0 dagger
rCold    . . .     Faith    .   (no shield)
rNeg     . . .     Spirit   .   b - +0 hat
rPois    .         Reflect  .   (no amulet)
rElec    .         Harm     .   (no ring)
rCorr    .         Rampage  .   (no ring)
Will     .....                  (no ring)
Stlth    +++.......             (no ring)
HPRegen  0.05/turn              (no ring)
MPRegen  0.10/turn              (no ring)
                                (no ring)
                                (no ring)

@: no status effects
A: almost no armour, stealthy swim, amphibious, 8 rings, constrict 8, camouflage
1, gelatinous body 1
a: no special abilities


You were on level 1 of the Dungeon.
You visited 1 branch of the dungeon, and saw 1 of its levels.

You collected 17 gold pieces.

Inventory:

Hand Weapons
 a - a +0 dagger (weapon)
Armour
 b - a +0 hat (worn)
 f - a +0 kite shield
Scrolls
 c - 2 scrolls of teleportation {unknown}
 d - a scroll of fear {unknown}
 g - a scroll of identify {unknown}
Potions
 e - a potion of degeneration {unknown}


   Skills:
 + Level 2.1 Dodging
 + Level 3.0 Stealth
 + Level 3.1 Spellcasting
 + Level 1.2 Conjurations
 + Level 1.2 Summonings
 + Level 1.2 Translocations


You had 6 spell levels left.
You knew the following spells:

 Your Spells              Type           Power        Failure   Level
a - Magic Dart            Conj           24%          12%         1

Your spell library contained the following spells:

 Spells                   Type           Power        Failure   Level
 Blink                    Tloc           N/A          17%         2
 Call Imp                 Summ           6%           17%         2
 Slow                     Hex            2%           28%         2
 Conjure Flame            Conj/Fire      4%           41%         3
 Mephitic Cloud           Conj/Pois/Air  3%           43%         3


Dungeon Overview and Level Annotations

Branches:
Dungeon (1/15)

Altars:


Innate Abilities, Weirdness & Mutations

You cannot wear most types of armour.
You are very stealthy in the water. (Stealth+)
You are amphibious.
You can wear up to eight rings at the same time.
You can use your tentacles to constrict eight enemies at once.
Your skin changes colour to match your surroundings (Stealth+).
Your rubbery body absorbs attacks. (AC +1, EV +1)


Message History

You are too injured to fight recklessly!
You barely miss the jackal. Your grab misses the jackal.
The jackal closely misses you. The jackal bites you.
* * * LOW HITPOINT WARNING * * *
The jackal closely misses you.
You take 3 damage, and have 5/17 hp.
You miss the jackal. You grab the jackal. You squeeze the jackal.
You kill the jackal!
The jackal bites you.
* * * LOW HITPOINT WARNING * * *
Your Stealth skill increases to level 3!
You take 2 damage, and have 3/17 hp.
The jackal bites you.
* * * LOW HITPOINT WARNING * * *
The jackal barely misses you. The rat bites you.
* * * LOW HITPOINT WARNING * * *
You see here a jackal corpse.
You take 2 damage, and have 1/17 hp.
The jackal bites you.
You die...

#...# ###......( #...#
#..####. #
#...########....##.
.##.####.........##.......
.................##..###..
.......†.....†...†...# #..
#....r.......>.##..###..
#.####.h.......###.....#
#.@.####### ##.#### #.?.#
#.# # #...# #.# #...#
#.### ##.## #...# #.#
###.# #.# #.# ... #.##
#...


You could see a jackal and a rat.

Vanquished Creatures
  2 goblins (D:1)
  A hobgoblin (D:1)
  3 jackals (D:1)
  A kobold (D:1)
  3 bats (D:1)
  A rat (D:1)
11 creatures vanquished.

Notes
Turn   | Place    | Note
-------+----------+-------------------------------------------
     0 | D:1      | kaeus the Octopode Hedge Wizard began the quest for the
                  | Orb.
     0 | D:1      | Reached XP level 1. HP: 11/11 MP: 4/4
   257 | D:1      | Reached XP level 2. HP: 17/17 MP: 4/6
   289 | D:1      | Slain by a jackal

Illustrated notes

Levels and vault maps discovered:
D:1:      minmay_arrival_four_houses, layout_loops_cross

Skill      XL: |  1  2 |
---------------+-------+-----
Stealth        | 3 |  3.0
Dodging        | |  2.1
Spellcasting   | |  3.1
Conjurations   | |  1.2
Summonings     | |  1.2
Translocations | |  1.2

Action                   || total
-------------------------++-------
Melee: Dagger            ||    14
       Constrict         ||     4
       Tentacles         ||     1
 Cast: Magic Dart        ||    17
Armor: Skin              ||     2
Dodge: Dodged            ||    19
